 Dungeon Crawl Stone Soup version 0.29.1-2-gbd0b4ee654 (webtiles) character file.

Game seed: 16112054010603427007

80 Icepheonix32 the Covered (level 4, -1/41 HPs)
             Began as a Minotaur Fighter on Oct 27, 2022.
             Slain by an orc
             ... wielding a +0 trident
              (2 damage)
             ... on level 3 of the Dungeon.
             The game lasted 00:01:14 (1759 turns).

Icepheonix32 the Covered (Minotaur Fighter)         Turns: 1759, Time: 00:01:15

Health: -1/41      AC:  7    Str: 21    XL:     4   Next: 18%
Magic:  1/1        EV:  9    Int:  7    God:
Gold:   150        SH:  9    Dex:  9    Spells: 3/3 levels left

rFire   . . .      SeeInvis .   i - +2 whip (antimagic)
rCold   + . .      Faith    .   c - +0 buckler
rNeg    . . .      Spirit   .   b - +0 scale mail
rPois   .          Reflect  +   (helmet restricted)
rElec   .          Harm     .   (no cloak)
rCorr   .          Rampage  .   (no gloves)
Will    .....                   (no boots)
Stlth   ..........              q - amulet of reflection
HPRegen 0.13/turn               o - ring of protection from cold
MPRegen 0.07/turn               (no ring)

@: no status effects
A: horns 2, retaliatory headbutt
a: no special abilities


You were on level 3 of the Dungeon.
You visited 1 branch of the dungeon, and saw 3 of its levels.

You collected 150 gold pieces.

Inventory:

Hand Weapons
 a - a +0 war axe
 i - a +2 antimagic whip (weapon)
Missiles
 r - 2 boomerangs (quivered)
Armour
 b - a +0 scale mail (worn)
 c - a +0 buckler (worn)
Jewellery
 n - an amulet of faith
 o - a ring of protection from cold (left hand)
 q - an amulet of reflection (around neck)
Scrolls
 f - 2 scrolls of magic mapping {unknown}
 g - a scroll of teleportation {unknown}
 h - a scroll of butterflies {unknown}
 j - a scroll of summoning {unknown}
 m - a scroll of noise {unknown}
 p - a scroll of enchant armour {unknown}
 t - a scroll of identify {unknown}
Potions
 d - 2 potions of might
 e - 2 potions of curing {unknown}
 k - a potion of magic {unknown}
 l - a potion of cancellation {unknown}
 s - 2 potions of resistance {unknown}


   Skills:
 * Level 4.4 Fighting
 + Level 3.0 Axes
 + Level 0.2(1.8) Maces & Flails
 + Level 4.5 Armour
 + Level 0.5 Dodging
 + Level 0.3 Stealth
 + Level 4.2 Shields


You had 3 spell levels left.
You didn't know any spells.
Your spell library contained the following spells:

 Spells                   Type           Power      Damage    Failure   Level
 Summon Guardian Golem    Hex/Summ       0%         N/A       99%         3
 Orb of Destruction       Conj           0%         9d5       100%        7
 Spellforged Servitor     Conj/Summ      0%         N/A       100%        7


Dungeon Overview and Level Annotations

Branches:
Dungeon (3/15)

Altars:
Elyvilon

Shops:
D:2 (

Annotations:
D:3 Grinder


Innate Abilities, Weirdness & Mutations

You have a pair of horns on your head.
You reflexively headbutt those who attack you in melee.


Message History

A worm is nearby!
Found a stone staircase leading up.
The orc priest invokes the aid of Beogh against you.
Beogh smites you!
An orc comes into view. It is wielding a +0 trident.
The orc shouts!
A quokka comes into view.
You hit the orc priest but do no damage.
The orc priest invokes the aid of Beogh against you.
Pain shoots through your body! You block the orc's attack.
The quokka closely misses you. The orc completely misses you.
You barely miss the orc priest. You block the quokka's attack.
The orc hits you with a +0 trident. The orc priest closely misses you.
You closely miss the orc priest. Your headbutt misses the orc priest.
You block the quokka's attack.
The orc priest hits you but does no damage.
You block the orc's attack. The quokka bites you.
You hit the orc priest. Your headbutt misses the orc priest.
The orc priest is moderately wounded.
The orc priest mumbles some strange prayers to Beogh against you.
Pain shoots through your body!
* * * LOW HITPOINT WARNING * * *
An orc comes into view. It is wielding a +0 flail.
The orc hits you but does no damage. You block the quokka's attack.
The orc shouts!
You hit the orc priest but do no damage.
The orc priest is moderately wounded.
You block the quokka's attack. The orc priest hits you with a +0 whip.
* * * LOW HITPOINT WARNING * * *
The orc closely misses you.
Grinder comes into view.
The worm bites you.
* * * LOW HITPOINT WARNING * * *
Unknown command.
You hit the orc priest.
The orc priest is heavily wounded.
The quokka bites you but does no damage.
The orc priest looks encouraged for a moment.
The orc hits you with a +0 trident.
You die...

...... ##....
#........... .. ## .
#........... ### ##.
#........... # #..
###...........
#######.###.............
........................
.######.# ##....wr......
.# ####.###....o@o...o..
.# #.......?#.<........5
.###...........##.......
...........##### ....###
.............. ..###
...#.......### ..#
..##......... ..#
.###.......### #.# .#
#.......#


You could see Grinder, a worm, an orc priest, 2 orcs and a quokka.

Vanquished Creatures
  4 adders (D:2)
  A worm (D:2)
  3 ball pythons
  An endoplasm (D:3)
  2 giant cockroaches (D:2)
  10 goblins
  4 hobgoblins
  6 kobolds
  A quokka (D:1)
  4 bats
  2 frilled lizards
  A rat (D:2)
39 creatures vanquished.

Notes
Turn   | Place    | Note
-------+----------+-------------------------------------------
     0 | D:1      | Icepheonix32 the Minotaur Fighter began the quest for the
                  | Orb.
     0 | D:1      | Reached XP level 1. HP: 19/19 MP: 0/0
   220 | D:1      | Reached XP level 2. HP: 26/27 MP: 1/1
   441 | D:1      | Found Rotem's Distillery.
   525 | D:1      | You fall into a shaft and drop 1 floor!
   794 | D:2      | Reached XP level 3. HP: 33/33 MP: 0/2
  1242 | D:2      | Found Hekkeysy's Weapon Boutique.
  1249 | D:2      | Reached XP level 4. HP: 32/41 MP: 1/3
  1382 | D:2      | Found a faded altar of an unknown god.
  1638 | D:3      | Found a white marble altar of Elyvilon.
  1758 | D:3      | Noticed Grinder
  1758 | D:3      | HP: 1/41 [worm (5)]
  1759 | D:3      | Slain by an orc

Illustrated notes

Levels and vault maps discovered:
D:1:      scummos_arrival_star, layout_basic, serial_shops, shop,
          minmay_ruptured
D:2:      layout_basic, serial_shops, nicolae_shop_bloodbath_and_beyond,
          shapermc_ecumenical_altar_mp_ritualfount,
          chequers_serial_rivers_room_a, st_stairs_8
D:3:      layout_rooms, elyvilon_altar_5, wad_floor_pattern_untrapped,
          uniq_terence, uniq_grinder

Skill      XL: |  1  2  3 |
---------------+----------+-----
Armour         | 4 |  4.5
Fighting       | 4 |  4.4
Shields        | 4 |  4.2
Axes           | 3 |  3.0
Maces & Flails | |  0.2
Dodging        | |  0.5
Stealth        | |  0.3

Action                   |  1- 3 |  4- 6 || total
-------------------------+-------+-------++-------
Melee: War axe           |    47 |       ||    47
       Headbutt          |     9 |     1 ||    10
       Whip              |    37 |    23 ||    60
Armor: Scale mail        |    41 |    10 ||    51
Dodge: Dodged            |    33 |     7 ||    40
Block: Buckler           |    26 |    11 ||    37
